AoeStats
← |MP| patrick

Lombardia

508791438Analyzed
4v4 RM · 9d ago on Sep 24, 2026· 38m 40s· 8 players
Game mode
Random Map
Map size
Large (8 player)
Population
200
Speed
Normal
Resources
Standard
Victory
Conquest
Starting age
Dark Age
Ending age
Imperial Age
RankedLock teamsTeams togetherTeam positionsShared explorationLock speedFull tech treeHidden civsTurbo modeCheats
Victory
Defeat
🇵🇪 Saracens · Peru
1553
+12
🇨🇳 Varangians · China
1504
+14
🇺🇸 Saxons · United States
1440
+17
🇦🇺 Persians · Australia
1390
+19
🇦🇷 Japanese · Argentina
1554
-18
🇦🇷 Saxons · Argentina
1444
-15
🇨🇴 Koreans · Colombia
1439
-15
🇦🇷 Hindustanis · Argentina
1426
-14
|MP| layc0ni
8:14 Loom
10:48 Feudal Age
14:34 Castle Age
12:32 Double-Bit Axe
12:32 Horse Collar
15:47 Bow Saw
21:46 Wheelbarrow
23:27 Hand Cart
22:58 Town Watch
23:24 Heavy Plow
24:31 Town Watch
26:38 Gold Mining
26:39 Stone Mining
30:40 Imperial Age
29:02 Scale Mail Armor
29:13 Forging
29:18 Fortified Wall
29:28 Ballistics
28:50 Treadmill Crane
29:18 Squires
29:07 Gambesons
30:54 Chain Mail Armor
30:22 Pikeman
32:08 Fletching
32:49 Plate Mail Armor
32:55 Iron Casting
33:13 Bodkin Arrow
35:39 Two-Man Saw
35:08 Guard Tower
35:03 Arrowslits
36:19 Chemistry
35:55 Bracer
36:42 Keep
37:16 Padded Archer Armor
CTMlLOMBANA
2:45 Loom
10:58 Feudal Age
9:14 Loom
13:36 Double-Bit Axe
17:03 Castle Age
17:05 Horse Collar
23:38 Wheelbarrow
23:43 Bow Saw
25:37 Hand Cart
26:10 Fletching
27:05 Heavy Plow
27:39 Bodkin Arrow
27:59 Gold Mining
29:25 Eupseong
32:44 Imperial Age
31:06 Scale Barding Armor
30:51 Town Watch
32:55 Scale Mail Armor
33:05 Forging
32:17 Pikeman
32:58 Squires
33:50 Ballistics
33:10 Halberdier
36:01 Iron Casting
35:42 Chain Mail Armor
37:48 Conscription
|MP| Equisd3
8:16 Loom
10:31 Feudal Age
14:41 Castle Age
13:52 Double-Bit Axe
14:14 Horse Collar
16:19 Bow Saw
20:17 Wheelbarrow
23:37 Gold Mining
28:55 Imperial Age
27:19 Heavy Plow
27:43 Scale Barding Armor
28:17 Bloodlines
28:22 Husbandry
29:02 Stone Mining
29:43 Chain Barding Armor
30:14 Hand Cart
30:34 Forging
31:33 Plate Barding Armor
32:13 Two-Man Saw
30:58 Heavy Camel Rider
32:07 Conscription
32:51 Forging
33:14 Town Watch
34:31 Iron Casting
34:06 Grand Trunk Road
33:35 Imperial Camel Rider
36:53 Blast Furnace
|MP| patrick
8:53 Loom
11:50 Feudal Age
15:30 Castle Age
13:26 Double-Bit Axe
13:58 Horse Collar
17:00 Bow Saw
22:04 Town Watch
25:13 Wheelbarrow
26:35 Gold Mining
28:43 Gold Shaft Mining
29:00 Stone Mining
29:02 Fletching
29:13 Scale Mail Armor
32:33 Imperial Age
31:19 Gold Shaft Mining
31:15 Chain Mail Armor
31:10 Forging
30:56 Bodkin Arrow
31:45 Hand Cart
32:01 Squires
31:21 Pikeman
33:56 Plate Mail Armor
34:02 Iron Casting
33:11 Halberdier
36:58 Blast Furnace
Hope
6:46 Loom
9:26 Feudal Age
11:14 Fletching
17:18 Wheelbarrow
19:21 Stone Mining
19:19 Double-Bit Axe
24:29 Castle Age
25:37 Bodkin Arrow
26:24 Guard Tower
26:52 Hand Cart
27:16 Bow Saw
26:49 Horse Collar
28:24 Ballistics
28:17 Treadmill Crane
29:55 Masonry
30:50 Gold Mining
33:08 Town Watch
39:21 Imperial Age
Yisaac
8:41 Feudal Age
12:20 Forging
17:17 Castle Age
15:22 Double-Bit Axe
16:09 Horse Collar
16:53 Stone Mining
19:01 Bow Saw
24:23 Wheelbarrow
23:35 Loom
24:38 Heavy Plow
29:36 Imperial Age
27:15 Gold Mining
27:36 Scale Barding Armor
27:41 Forging
27:44 Bloodlines
27:35 Husbandry
29:39 Chain Barding Armor
29:55 Iron Casting
29:30 Husbandry
28:51 Light Cavalry
31:45 Plate Barding Armor
31:10 Elite Mameluke
32:10 Conscription
32:59 Blast Furnace
37:01 Hussar
Cambo
11:22 Feudal Age
12:14 Double-Bit Axe
12:13 Horse Collar
15:11 Castle Age
16:18 Wheelbarrow
17:29 Bow Saw
24:24 Gold Mining
25:39 Gold Shaft Mining
25:49 Stone Mining
26:04 Heavy Plow
26:31 Scale Barding Armor
26:22 Loom
27:13 Hand Cart
29:37 Imperial Age
27:19 Forging
27:54 Stone Shaft Mining
27:55 Chain Barding Armor
28:01 Town Watch
29:12 Iron Casting
29:39 Elite War Elephant
30:40 Conscription
30:34 Bloodlines
30:24 Husbandry
31:33 Crop Rotation
32:07 Two-Man Saw
32:17 Blast Furnace
31:52 Plate Barding Armor
31:54 Fletching
35:10 Chemistry
35:04 Bodkin Arrow
36:44 Masonry
36:56 Ballistics
38:38 Architecture
38:23 Citadels
38:49 Hoardings
37:36 Cavalier
'Pyc_Hawk' = cryer
11:34 Feudal Age
15:06 Castle Age
13:04 Double-Bit Axe
13:17 Horse Collar
17:01 Bow Saw
17:56 Wheelbarrow
17:24 Loom
21:57 Heavy Plow
23:33 Stone Mining
26:42 Hand Cart
30:19 Imperial Age
28:20 Scale Barding Armor
29:32 Chain Barding Armor
29:23 Forging
29:21 Town Watch
29:53 Gold Mining
30:45 Masonry
30:59 Bloodlines
30:49 Husbandry
30:21 Elite Jarl
30:40 Capped Ram
32:09 Conscription
33:09 Plate Barding Armor
32:41 Siege Ram
34:00 Siege Engineers
35:19 Iron Casting
38:00 Blast Furnace
Connection lost

Rejoining the realm…

Still unreachable

The connection could not be restored.

Session expired

The server has moved on; the page needs a fresh start.